 Seeded DCSS version 0.29-a0-219-g0a02b1cf4f (webtiles) character file.

Game seed: 13219885370010268331 (custom seed)

338 Hubjo the Sneak (level 6, -13/36 HPs)
             Began as a Vampire Enchanter on Feb 25, 2022.
             Was an Initiate of Nemelex Xobeh.
             Mangled by a two-headed ogre
             ... wielding a +0 giant club
              (24 damage)
             ... on level 5 of the Dungeon.
             The game lasted 00:10:35 (1404 turns).

Hubjo the Sneak (Vampire Enchanter)                 Turns: 1404, Time: 00:10:36

Health: -13/36     AC:  5    Str: 19    XL:     6   Next: 29%
Magic:  3/9        EV: 12    Int: 20    God:    Nemelex Xobeh [......]
Gold:   106        SH:  0    Dex: 17    Spells: 6/9 levels left

rFire   . . .      SeeInvis +   q - +1 short sword (vamp)
rCold   + + .      Faith    .   (no shield)
rNeg    + + +      Spirit   .   p - +0 ring mail of Bright Mirth {Int+3}
rPois   ∞          Reflect  .   (no helmet)
rElec   .          Harm     .   (no cloak)
rCorr   .          Rampage  .   (no gloves)
Will    .....                   (no boots)
Stlth   +++++.....              g - amulet of the acrobat
HPRegen 0.00/turn               k - +6 ring of strength
MPRegen 0.11/turn               o - +6 ring of strength

@: bloodless, inhibited regen
A: bloodless, fangs 3, see invisible, vampiric 2
a: Bat Form, Revivify, Renounce Religion, Draw Escape, Draw Destruction, Draw
Summoning


You were on level 5 of the Dungeon.
You worshipped Nemelex Xobeh.
Nemelex Xobeh was noncommittal.
You visited 2 branches of the dungeon, and saw 6 of its levels.

You collected 106 gold pieces.

Inventory:

Hand Weapons
 a - a +1 dagger
 q - a +1 vampiric short sword (weapon)
 t - a +1 dagger of venom
Armour
 b - a +0 robe
 p - the +0 ring mail of Bright Mirth (worn) {Int+3}
   (You found it on level 4 of the Dungeon)

   Int:       It affects your intelligence (+3).
Magical Staves
 e - a staff of air
Jewellery
 g - an amulet of the acrobat (around neck)
 k - a +6 ring of strength (left hand)
 o - a +6 ring of strength (right hand)
 r - a ring of magical power
Wands
 u - a wand of charming (10)
Scrolls
 d - 3 scrolls of fear
 f - a scroll of enchant weapon {unknown}
 h - 2 scrolls of teleportation {unknown}
 j - a scroll of summoning {unknown}
Potions
 c - a potion of invisibility
 i - 2 potions of berserk rage
 l - a potion of mutation {unknown}
 m - a potion of heal wounds
 n - a potion of attraction {unknown}
 s - a potion of flight {unknown}


   Skills:
 + Level 2.6 Fighting
 + Level 2.6 Short Blades
 + Level 3.3 Dodging
 + Level 6.7 Stealth
 + Level 2.1 Spellcasting
 + Level 5.5 Hexes
 * Level 1.0 Invocations


You had 6 spell levels left.
You knew the following spells:

 Your Spells              Type           Power      Damage    Failure   Level
a - Tukima's Dance        Hex            24%        N/A       9%          3

Your spell library contained the following spells:

 Spells                   Type           Power      Damage    Failure   Level
 Confusing Touch          Hex            24%        N/A       9%          3
 Ensorcelled Hibernation  Hex/Ice        26%        N/A       13%         2
 Dazzling Flash           Conj/Hex       26%        N/A       26%         3


Dungeon Overview and Level Annotations

Branches:
Dungeon (5/15)             Temple (1/1) D:4

Altars:
Ashenzari
Cheibriados
Elyvilon
Fedhas
Gozag
Hepliaklqana
Kikubaaqudgha
Nemelex Xobeh
Okawaru
Ru
Uskayaw
Vehumet
Wu Jian
Xom
Yredelemnul
Zin
The Shining One

Shops:
D:1 :


Innate Abilities, Weirdness & Mutations

You do not regenerate when monsters are visible.
You are frail without blood (-20% HP).
You can heal yourself when you bite living creatures.
You are immune to poison.
You have razor-sharp teeth.
You have supernaturally acute eyesight. (SInv)
You are afflicted with vampirism and can become a bat while bloodless.


Message History

You kill the iguana!
Your Invocations skill increases to level 1!
You see here a +0 leather armour.
You open the door.
There is an open door here.
u - a wand of charming (10)
You open the door.
Found a stone staircase leading up.
Found 21 stones.
You open the door.
A two-headed ogre comes into view. It is wielding two +0 giant clubs.
Found a war axe.
A two-headed ogre is nearby!
A two-headed ogre is nearby!
A two-headed ogre is nearby!
A two-headed ogre is nearby!
The helpless two-headed ogre fails to defend itself.
You bite the two-headed ogre, and draw its blood!
You puncture the two-headed ogre!
The two-headed ogre is moderately wounded.
The two-headed ogre barely misses you.
The two-headed ogre hits you with a +0 giant club!
Casting: Tukima's Dance (dangerous; 9% risk of failure)
Confirm with . or Enter, or press ? or * to list all spells.
Aiming: Tukima's Dance (dangerous; 9% risk of failure)
Press: ? - help, Shift-Dir - straight line, f - two-headed ogre
Aim: a two-headed ogre, wielding two +0 giant clubs (moderately wounded, chance to affect: 37%)
The two-headed ogre resists with some effort.
Casting: Tukima's Dance (dangerous; 9% risk of failure)
Confirm with . or Enter, or press ? or * to list all spells.
Aiming: Tukima's Dance (dangerous; 9% risk of failure)
Press: ? - help, Shift-Dir - straight line, f/p - two-headed ogre
Aim: a two-headed ogre, wielding two +0 giant clubs (moderately wounded, chance to affect: 37%)
The +0 giant club dances into the air!
The two-headed ogre wields a +0 giant club.
The two-headed ogre hits you with a +0 giant club!
The two-headed ogre hits you with a +0 giant club!!
Ouch! That really hurt!
You die...
Your body disappears without a glow.

####.# # #.# #...#.#.#
####.# #...#.#.#.#
.....##### #...#.#.#.##
.........## #...#.#.#..#
.........##.#...#.#....#
.(...........(..#.#....#
.....##.####.#........#
.....##.##...#)O@.....#
##+#.##....########...#
#.######...........# #.#
#.....####..# #.....#
..... ####'## .##....
#.# .# .... #.# .# ...
#.# .# ..


You could see a two-headed ogre (ally target) and a friendly +0 giant club.

Vanquished Creatures
  A necrophage (D:4)
  2 hounds (D:4)
  An iguana (D:5)
  6 adders (D:4)
  An ufetubus (D:4)
  A dart slug (D:3)
  5 endoplasms
  3 goblins
  A hobgoblin (D:4)
  2 kobolds (D:4)
  2 ball pythons
  A bat (D:1)
  A frilled lizard (D:1)
  A rat (D:2)
28 creatures vanquished.

Vanquished Creatures (collateral kills)
  An ogre (D:4)
1 creature vanquished.

Grand Total: 29 creatures vanquished

Notes
Turn   | Place    | Note
-------+----------+-------------------------------------------
     0 | D:1      | Hubjo the Vampire Enchanter began the quest for the Orb.
     0 | D:1      | Reached XP level 1. HP: 13/13 MP: 3/3
    22 | D:1      | Found Arhuwn's Book Shop.
   244 | D:1      | You fall into a shaft and drop 1 floor!
   365 | D:3      | Reached XP level 2. HP: 20/20 MP: 5/5
   478 | D:4      | Reached skill level 1 in Fighting
   494 | D:4      | Found a staircase to the Ecumenical Temple.
   501 | Temple   | Entered the Ecumenical Temple
   525 | Temple   | Became a worshipper of Nemelex Xobeh the Trickster
   646 | D:4      | Reached skill level 5 in Stealth
   646 | D:4      | Gained mutation: You are afflicted with vampirism and can
                  | become a bat while bloodless. [Vampire growth]
   646 | D:4      | Reached XP level 3. HP: 26/26 MP: 6/6
   658 | D:4      | Learned a level 3 spell: Tukima's Dance
   681 | D:4      | Noticed a necrophage
   684 | D:4      | Killed a necrophage
   685 | D:4      | Reached skill level 6 in Stealth
   685 | D:4      | Reached skill level 5 in Hexes
   685 | D:4      | Reached XP level 4. HP: 26/26 MP: 7/7
   693 | D:4      | Noticed an ogre
   704 | D:4      | Killed an ogre
   705 | D:4      | Reached XP level 5. HP: 31/31 MP: 4/8
   908 | D:4      | Identified the +0 ring mail of Bright Mirth {Int+3}
   996 | D:4      | Reached XP level 6. HP: 33/36 MP: 9/9
  1185 | D:4      | Found an ancient bone altar of Kikubaaqudgha.
  1335 | D:5      | Entered Level 5 of the Dungeon
  1337 | D:5      | Reached skill level 1 in Invocations
  1396 | D:5      | Noticed a two-headed ogre
  1404 | D:5      | Mangled by a two-headed ogre

Illustrated notes

Levels and vault maps discovered:
D:1:      dpeg_arrival_tiny_d, layout_rooms, serial_shops, shop,
          dilly_ecumenical_altar_fadedgnrine, nicolae_wormholes
D:2:      layout_loops_cross, minmay_pentomino_r4
D:3:      layout_basic, ebering_ghost_sewer_d
D:4:      layout_rooms, mainiacjoe_overflow_small_starburst, temple_green
D:5:      layout_basic, nicolae_qazlal_scattered_showers,
          roderic_serpentine_path, kennysheep_nub, uniq_prince_ribbit1
Temple:   lightli_temple_of_artemis

Skill      XL: |  1  2  3  4  5  6 |
---------------+-------------------+-----
Fighting       | 1 2 |  2.6
Stealth        | 5 6 |  6.7
Short Blades   | 2 |  2.6
Hexes          | 5 |  5.5
Dodging        | 3 |  3.3
Invocations    | 1 |  1.0
Spellcasting   | |  2.1

Action                   |  1- 3 |  4- 6 || total
-------------------------+-------+-------++-------
Melee: Dagger            |    31 |    11 ||    42
       Bite              |     2 |     1 ||     3
       Short sword       |       |    21 ||    21
       Punch             |       |     2 ||     2
 Cast: Tukima's Dance    |       |     3 ||     3
 Abil: Exsanguinate      |     1 |       ||     1
  Use: Scroll            |     1 |     2 ||     3
 Stab: Sleeping          |     8 |    11 ||    19
Armor: Robe              |     2 |       ||     2
       Ring mail         |       |     4 ||     4
Dodge: Dodged            |     8 |    22 ||    30

Table legend: (Time is in decaauts)
 A = Elapsed time spent in this place.
 B = Non-inter-level travel time spent in this place.
 C = Inter-level travel time spent in this place.
 D = Time resting spent in this place.
 E = Time spent auto-exploring this place.
 F = Levels seen in this place.
 G = Mean time per level.
                   A        B        C        D        E       F      G
               +--------+--------+--------+--------+--------+-----+--------+
         Total |   1396 |   1330 |     66 |     74 |    828 |   6 |  232.7 |
       Dungeon |   1254 |   1188 |     66 |     74 |    771 |   5 |  250.8 |
        Temple |    141 |    141 |      0 |      0 |     57 |   1 |  141.0 |
               +--------+--------+--------+--------+--------+-----+--------+

Top non-repeatable levels by time:
     D:4: 714 daAuts
     D:1: 242 daAuts
     D:3: 162 daAuts
  Temple: 141 daAuts
     D:5: 68 daAuts
     D:2: 66 daAuts
